 Dungeon Crawl Stone Soup version 0.27-a0-1579-g97d2440184 (webtiles) character file.

Game seed: 7219510361196611455

3291 Sin92 the Poker (level 9, -1/69 HPs)
             Began as a Demonspawn Fighter on July 18, 2021.
             Was a Priest of Okawaru.
             Slain by a six-headed hydra (5 damage)
             ... on level 8 of the Dungeon.
             The game lasted 00:08:28 (8190 turns).

Sin92 the Poker (Demonspawn Fighter)                Turns: 8190, Time: 00:08:29

Health: -1/69      AC: 14    Str: 17    XL:     9   Next: 69%
Magic:  13/13      EV:  6    Int:  9    God:    Okawaru [***...]
Gold:   482        SH: 18    Dex: 16    Spells: 8/8 levels left

rFire    . . .     SeeInvis .   d - +5 trident
rCold    . . .     Faith    .   c - +3 kite shield
rNeg     . . .     Spirit   .   A - +0 plate armour
rPois    .         Reflect  +   f - +0 helmet
rElec    .         Harm     .   (no cloak)
rCorr    .         Rampage  .   (no gloves)
Will     +....                  h - +0 pair of boots
Stlth    ..........             l - amulet of reflection
HPRegen  0.21/turn              B - ring of willpower
MPRegen  0.13/turn              (no ring)

@: about to teleport
A: talons 2, sturdy frame 1, condensation shield
a: Renounce Religion, Heroism


You were on level 8 of the Dungeon.
You worshipped Okawaru.
Okawaru was most pleased with you.
You visited 2 branches of the dungeon, and saw 9 of its levels.

You collected 482 gold pieces.

Inventory:

Hand Weapons
 a - a +2 trident
 d - a +5 trident (weapon)
Missiles
 o - 2 throwing nets (quivered)
 w - 7 curare-tipped darts
Armour
 b - a +0 scale mail
 c - a +3 kite shield (worn)
 f - a +0 helmet (worn)
 h - a +0 pair of boots (worn)
 j - a +0 chain mail
 A - a +0 plate armour (worn)
Jewellery
 l - an amulet of reflection (around neck)
 y - an amulet of regeneration
 B - a ring of willpower (left hand)
Wands
 k - a wand of polymorph (10)
 s - a wand of iceblast (8)
 t - a wand of flame (12)
 C - a wand of mindburst (13)
 D - a wand of paralysis (9)
Scrolls
 i - 2 scrolls of immolation
 p - 2 scrolls of teleportation
 u - 2 scrolls of identify
 z - a scroll of enchant armour
Potions
 e - a potion of flight {unknown}
 g - 3 potions of brilliance
 m - a potion of resistance
 n - 2 potions of heal wounds
 q - 2 potions of haste
 r - 2 potions of lignification
 v - 3 potions of attraction {unknown}
 x - a potion of cancellation


   Skills:
 + Level 5.7 Fighting
 + Level 4.3(6.1) Axes
 * Level 6.7(7.3) Polearms
 + Level 5.1 Armour
 + Level 4.1 Dodging
 + Level 5.1 Shields
 + Level 5.5 Invocations


You had 8 spell levels left.
You didn't know any spells.
Your spell library contained the following spells:

 Spells                   Type           Power      Damage    Failure   Level
 Blink                    Tloc           N/A        N/A       100%        2
 Passwall                 Tmut/Erth      0%         N/A       100%        2
 Frozen Ramparts          Ice            0%         1d2       100%        3
 Swiftness                Air            0%         N/A       100%        3
 Ice Form                 Ice/Tmut       0%         N/A       100%        4
 Summon Ice Beast         Ice/Summ       0%         N/A       100%        4
 Manifold Assault         Tloc           0%         N/A       100%        5
 Invisibility             Hex            0%         N/A       100%        6
 Storm Form               Tmut/Air       0%         N/A       100%        7


Dungeon Overview and Level Annotations

Branches:
Dungeon (8/15)             Temple (1/1) D:4
   Lair: D:8-11

Altars:
Cheibriados
Dithmenos
Gozag
Makhleb
Okawaru
Uskayaw
Wu Jian
Xom
Zin

Annotations:
D:3 2 transporters, nyamberluvr69's ghost, weakling DEFi
D:7 3 runed translucent doors, ew1980's ghost, novice OgBe


Innate Abilities, Weirdness & Mutations

You have razor-sharp toenails.
Your movements are slightly less encumbered by armour. (ER -2)
A meltable shield of frost defends you. (SH +0)


Message History

The ball of steam hits you.
The steam dragon moves out of view.
You hear a roar!
Items here: ) ? [ †.
You hear a shout!
You block the steam dragon's attack. x2
A six-headed hydra comes into view.
The six-headed hydra roars!
You puncture the steam dragon!
The steam dragon is moderately wounded.
You are engulfed in a cloud of scalding steam.
You block the steam dragon's attack.
The steam dragon claws you but does no damage.
You puncture the steam dragon!
The steam dragon is severely wounded.
You block the steam dragon's attack. x2
The steam dragon breathes steam at you.
The ball of steam hits you but does no damage.
You puncture the steam dragon!
You kill the steam dragon!
Okawaru accepts your kill.
The steam dragon scales are intact enough to wear.
You are engulfed in a cloud of scalding steam.
A centaur warrior comes into view.
The centaur warrior wields a +0 shortbow.
The centaur warrior shoots an arrow.
The arrow hits you!
* * * LOW HITPOINT WARNING * * *
The six-headed hydra is engulfed in a cloud of scalding steam.
The centaur warrior shoots an arrow.
You reflect the arrow off an invisible shield around you!
The arrow misses the centaur warrior.
As you read the scroll of teleportation, it crumbles to dust.
You feel strangely unstable.
The centaur warrior shoots an arrow.
You reflect the arrow off an invisible shield around you!
The arrow hits the centaur warrior!
The six-headed hydra is engulfed in a cloud of scalding steam.
You block the six-headed hydra's attack.
The six-headed hydra bites you.
* * * LOW HITPOINT WARNING * * *
The six-headed hydra bites you.
You die...

#.. ...!#............# #..#
...#............# #...
..#.##.........# ....
#.#.##.........## ..#
##.#.##..........# #.##
#....##..........#
#.###....####+#+##...#
#..#†##..§....#.#.##...####
###.#§#...@.....#..#.......
#.##c.§D.#..##........###
## #.§..§.............'..
#.§§.§#............##.
#.....................
#....§§.............##.
#..)..##.............#
#.....! ...#.........#
#........#.#.........#


You could see a six-headed hydra and a centaur warrior.

Vanquished Creatures
  A yak (D:6)
  A steam dragon (D:8)
  A water moccasin (D:7)
  A black bear (D:4)
  2 sky beasts
  An orc warrior (D:6)
  An ice beast (D:8)
  3 centaurs
  6 ogres
  A phantom (D:6)
  2 bullfrogs
  A wyvern zombie (D:7)
  2 scorpions
  A wyvern skeleton (D:7)
  5 wights (D:6)
  2 howler monkeys (D:7)
  A bullfrog zombie (D:6)
  3 jellies
  3 orc priests (D:6)
  3 hounds
  Ijyb (D:4)
  Natasha (thrice) (D:2)
  An iguana (D:7)
  9 orc wizards
  A killer bee zombie (D:7)
  2 hound skeletons (D:4)
  4 gnolls (D:6)
  7 adders
  A shadow imp (D:5)
  2 white imps
  An ufetubus (D:5)
  2 adder skeletons (D:4)
  2 worms
  6 dart slugs
  20 orcs
  4 bats
  15 endoplasms
  4 giant cockroaches
  7 goblins
  10 hobgoblins
  2 quokkas
  6 ball pythons
  4 frilled lizards
  8 kobolds
  10 rats
173 creatures vanquished.

Notes
Turn   | Place    | Note
-------+----------+-------------------------------------------
     0 | D:1      | Sin92 the Demonspawn Fighter began the quest for the Orb.
     0 | D:1      | Reached XP level 1. HP: 18/18 MP: 1/1
   303 | D:1      | Reached skill level 2 in Polearms
   312 | D:1      | Gained mutation: A meltable shield of frost defends you.
                  | (SH +0) [demonic ancestry]
   312 | D:1      | Reached XP level 2. HP: 22/24 MP: 2/2
   638 | D:1      | Gained mutation: You have sharp toenails. [demonic
                  | ancestry]
   638 | D:1      | Reached XP level 3. HP: 28/29 MP: 3/3
  1051 | D:2      | Noticed Natasha
  1062 | D:2      | Killed Natasha
  1063 | D:2      | Reached skill level 1 in Axes
  1077 | D:2      | Noticed Natasha
  1087 | D:2      | Killed Natasha
  1088 | D:2      | Reached XP level 4. HP: 29/35 MP: 4/4
  1153 | D:2      | Found a faded altar of an unknown god.
  1374 | D:2      | Reached skill level 1 in Dodging
  1495 | D:2      | Reached skill level 3 in Polearms
  1497 | D:2      | Noticed Natasha
  1506 | D:2      | Killed Natasha
  1933 | D:3      | Gained mutation: You have razor-sharp toenails. [demonic
                  | ancestry]
  1933 | D:3      | Reached XP level 5. HP: 41/41 MP: 5/5
  2129 | D:3      | Found a transporter.
  2261 | D:3      | Found a transporter.
  2275 | D:3      | Noticed nyamberluvr69's ghost (weakling DEFi)
  2868 | D:4      | Found a staircase to the Ecumenical Temple.
  2889 | Temple   | Entered the Ecumenical Temple
  2909 | Temple   | Became a worshipper of Warmaster Okawaru
  3126 | D:4      | Found the +4 robe of Augmentation {Str+4 Int+4 Dex+4}
  3129 | D:4      | Noticed Ijyb
  3139 | D:4      | Killed Ijyb
  3140 | D:4      | Gained mutation: Your movements are slightly less
                  | encumbered by armour. (ER -2) [demonic ancestry]
  3140 | D:4      | Reached XP level 6. HP: 34/48 MP: 6/6
  3394 | D:4      | Reached skill level 1 in Invocations
  3640 | D:4      | Reached * piety under Okawaru
  3641 | D:4      | Reached skill level 4 in Polearms
  3641 | D:4      | Reached XP level 7. HP: 53/54 MP: 8/8
  3721 | D:5      | Entered Level 5 of the Dungeon
  4125 | D:5      | Reached ** piety under Okawaru
  4978 | D:6      | Noticed a yak
  4993 | D:6      | Killed a yak
  4994 | D:6      | Reached XP level 8. HP: 49/61 MP: 7/10
  5006 | D:6      | Reached skill level 5 in Polearms
  5568 | D:6      | Reached skill level 5 in Fighting
  5596 | D:6      | Reached *** piety under Okawaru
  5942 | D:6      | Reached XP level 9. HP: 30/68 MP: 12/12
  6421 | D:6      | Reached skill level 6 in Polearms
  7306 | D:7      | Reached skill level 5 in Invocations
  7354 | D:7      | Found a snail-covered altar of Cheibriados.
  7612 | D:7      | Found a runed translucent gate.
  7612 | D:7      | Found a runed translucent gate.
  7612 | D:7      | Found a runed translucent gate.
  7648 | D:7      | Noticed ew1980's ghost (novice OgBe)
  7936 | D:7      | Reached skill level 5 in Armour
  7936 | D:7      | Reached skill level 5 in Shields
  8185 | D:8      | Noticed a six-headed hydra
  8188 | D:8      | Noticed a centaur warrior
  8190 | D:8      | Slain by a six-headed hydra

Illustrated notes

Levels and vault maps discovered:
D:1:      sevenhm_arrival_forest_fort_small_3, layout_loops_cross,
          minmay_tetromino_l4
D:2:      layout_rooms, ebering_ecumenical_altar_sacrificial, uniq_natasha
D:3:      layout_loops_cross, gammafunk_ghost_stat_death, eino_tiny_chamber,
          roderic_serpentine_path
D:4:      layout_basic, minmay_temple_entry_sparse_star, nrook_uturn,
          minmay_misc_feat_diagonals, kennysheep_generic_room_11, uniq_ijyb
D:5:      layout_basic
D:6:      minmay_cornered_nines, layout_basic,
          hangedman_abyss_or_decor_jellyfish_corner
D:7:      layout_loops_ring, mainiacjoe_overflow_boulevard, gammafunk_ghost_icy,
          hangedman_abyss_or_decor_stabs, grunt_ogre_cave
D:8:      minmay_ornate_pinched, layout_basic, special_room [special_room_orc],
          kennysheep_another_room, the_hattery
Temple:   compressed_dpeg_circular_temple

Skill      XL: |  1  2  3  4  5  6  7  8  9 |
---------------+----------------------------+-----
Polearms       | 2 3 4 5 6 |  6.7
Axes           | 1 2 3 4 |  4.3
Armour         | 3 4 5 |  5.1
Shields        | 3 4 5 |  5.1
Dodging        | 1 2 3 4 |  4.1
Invocations    | 1 3 4 5 |  5.5
Fighting       | 4 5 |  5.7

Action                   |  1- 3 |  4- 6 |  7- 9 || total
-------------------------+-------+-------+-------++-------
Melee: Trident           |   107 |   201 |   357 ||   665
       Kick              |     2 |       |       ||     2
Invok: Heroism           |       |       |     1 ||     1
  Use: Scroll            |     3 |    10 |     4 ||    17
       Potion            |       |     1 |     2 ||     3
 Stab: Distracted        |       |     1 |       ||     1
Armor: Scale mail        |    24 |    32 |       ||    56
       Chain mail        |       |    20 |    49 ||    69
       Plate armour      |       |       |    75 ||    75
Dodge: Dodged            |    13 |    33 |    48 ||    94
Block: Kite shield       |    70 |   172 |   361 ||   603
       Reflection        |       |     3 |    16 ||    19

Table legend: (Time is in decaauts)
 A = Elapsed time spent in this place.
 B = Non-inter-level travel time spent in this place.
 C = Inter-level travel time spent in this place.
 D = Time resting spent in this place.
 E = Time spent auto-exploring this place.
 F = Levels seen in this place.
 G = Mean time per level.
                   A        B        C        D        E       F      G
               +--------+--------+--------+--------+--------+-----+--------+
         Total |   8385 |   8152 |    233 |    834 |   5839 |   9 |  931.7 |
       Dungeon |   8353 |   8130 |    223 |    834 |   5839 |   8 | 1044.1 |
        Temple |     32 |     22 |     10 |      0 |      0 |   1 |   32.0 |
               +--------+--------+--------+--------+--------+-----+--------+

Top non-repeatable levels by time:
     D:6: 2058 daAuts
     D:7: 1306 daAuts
     D:1: 1090 daAuts
     D:5: 1055 daAuts
     D:3: 973 daAuts
     D:2: 895 daAuts
     D:4: 856 daAuts
     D:8: 117 daAuts
  Temple: 32 daAuts
